 Dungeon Crawl Stone Soup version 0.23.2 (webtiles) character file.

Game seed: 6527368214482684335

725 Borgoz the Ducker (level 7, -10/58 HPs)
             Began as a Ghoul Gladiator on Apr 3, 2019.
             Was an Initiate of Ashenzari.
             Mangled by an ogre
             ... wielding a +0 giant club
              (19 damage)
             ... on level 4 of the Dungeon.
             The game lasted 00:05:14 (2770 turns).

Borgoz the Ducker (Ghoul Gladiator)                 Turns: 2770, Time: 00:05:15

Health: -10/58     AC: 10    Str: 16 (18) XL:     7   Next: 72%
Magic:  6/6        EV: 11    Int:  4      God:    Ashenzari [......]
Gold:   129        SH:  0    Dex: 10 (11) Spells: 6/6 levels left

rFire    + . .     SeeInvis .   a - +0 rapier
rCold    + . .     Gourm    .   (no shield)
rNeg     + + +     Faith    .   p - +0 scale mail {rF+}
rPois    ∞         Spirit   .   c - +0 helmet
rElec    .         Reflect  .   l - +1 cloak
rCorr    .         Harm     .   (no gloves)
MR       .....                  (no boots)
Stlth    +.........             (no amulet)
HPRegen  0.00/turn              (no ring)
MPRegen  0.10/turn              (no ring)

@: rotting
A: rotting body, claws 1, carnivore, cold resistance 1, negative energy
resistance 3, inhibited regeneration, torment resistance, unbreathing
a: Curse Item, Renounce Religion


You were on level 4 of the Dungeon.
You worshipped Ashenzari.
Ashenzari was noncommittal.
You were not hungry.

You visited 1 branch of the dungeon, and saw 4 of its levels.

You collected 129 gold pieces.

Inventory:

Hand Weapons
 a - a +0 rapier (weapon)
 m - a +0 rapier
Missiles
 j - 7 tomahawks (quivered)
Armour
 c - a +0 helmet (worn)
 l - a +1 cloak (worn)
 p - a +0 scale mail of fire resistance (worn)
Wands
 b - a wand of digging (4)
Scrolls
 e - a scroll of fog {unknown}
 h - a scroll of enchant weapon {unknown}
 i - a scroll of random uselessness {unknown}
 k - 4 scrolls of identify {unknown}
 n - 4 scrolls of remove curse
 u - 3 scrolls of blinking {unknown}
Potions
 o - 3 potions of flight
Comestibles
 f - 8 rations


   Skills:
 + Level 3.8 Fighting
 * Level 4.5 Short Blades
 - Level 1.7 Throwing
 * Level 3.5 Armour
 * Level 4.6 Dodging
 + Level 3.0 Stealth


You had 6 spell levels left.
You didn't know any spells.
Your spell library was empty.

Dungeon Overview and Level Annotations

Branches:
Dungeon (4/15)
 Temple: D:4-7

Altars:
Ashenzari
Hepliaklqana
Kikubaaqudgha

Annotations:
D:3 Jessica


Innate Abilities, Weirdness & Mutations

Your body is rotting away.
You thrive on raw meat.
You are immune to poison.
You have sharp fingernails.
You are carnivorous and can eat meat at any time.
Your flesh is cold resistant. (rC+)
You are immune to negative energy. (rN+++)
You do not regenerate when monsters are visible.
You are immune to unholy pain and torment.
You can survive without breathing.


Message History

You see here a throwing net.
d - a throwing net The ogre closely misses you.
Throwing (i - inventory. (/) - cycle)
d - a throwing net (quivered)
Press: ? - help, Shift-Dir - straight line, f/p - ogre
Aim: an ogre, wielding a +0 giant club (lightly wounded)
You throw a throwing net.
The throwing net barely misses the ogre.
The ogre closely misses you.
Okay, then.
Okay, then.
You puncture the ogre!
The ogre is heavily wounded.
The ogre barely misses you.
You hit the ogre.
The ogre is heavily wounded.
You hit the ogre.
The ogre is heavily wounded.
The ogre hits you with a +0 giant club!!
You die...

#.......# #.......#
#.......# #.......#
#.......+ #.......#
#.......# #..)....#
###### ###+#...@...#
#....###...#...O...#
##.##.......#.......#
....#.......#.......#
..###.......#......(#
....#.......#.......#
##.##.......#.......#
....#..##.#.....(...#
###.#################


You could see an ogre.

Vanquished Creatures
  Grinder (D:3)
  Eustachio (D:4)
  3 vampire bats (D:2)
  2 orc priests (D:3)
  Terence (D:3)
  3 orc wizards (D:3)
  4 adders
  An ooze (D:1)
  2 worms
  A dart slug (D:1)
  8 orcs (D:3)
  5 bats
  2 bat skeletons (D:2)
  3 bat zombies (D:2)
  5 giant cockroaches
  5 goblins
  7 hobgoblins
  4 jackals (D:2)
  A quokka (D:3)
  2 frilled lizards (D:3)
  4 kobolds (D:1)
  10 rats
75 creatures vanquished.

Vanquished Creatures (others)
  A hobgoblin (D:3)
1 creature vanquished.

Grand Total: 76 creatures vanquished

Notes
Turn   | Place    | Note
-------+----------+-------------------------------------------
     0 | D:1      | Borgoz the Ghoul Gladiator began the quest for the Orb.
     0 | D:1      | Reached XP level 1. HP: 17/17 MP: 0/0
   122 | D:1      | Reached XP level 2. HP: 8/25 MP: 1/1
   804 | D:2      | Reached skill level 1 in Armour
   807 | D:2      | Reached XP level 3. HP: 30/30 MP: 2/2
   918 | D:2      | Reached skill level 1 in Stealth
   940 | D:2      | Found an ancient bone altar of Kikubaaqudgha.
   949 | D:2      | Reached XP level 4. HP: 31/37 MP: 3/3
   958 | D:2      | Reached XP level 5. HP: 31/42 MP: 4/4
  1400 | D:2      | Found a faded altar of an unknown god.
  1879 | D:3      | Noticed Grinder
  1905 | D:3      | Killed Grinder
  1905 | D:3      | Reached XP level 6. HP: 24/50 MP: 5/5
  2012 | D:3      | Found a shattered altar of Ashenzari.
  2033 | D:3      | Became a worshipper of Ashenzari the Shackled
  2066 | D:3      | Found a hazy altar of Hepliaklqana.
  2066 | D:3      | Noticed Jessica
  2100 | D:3      | Reached XP level 7. HP: 41/57 MP: 6/6
  2366 | D:3      | Noticed Terence
  2391 | D:3      | Killed Terence
  2687 | D:4      | Noticed Eustachio
  2742 | D:4      | Killed Eustachio
  2770 | D:4      | Mangled by an ogre

Skill      XL: |  1  2  3  4  5  6  7 |
---------------+----------------------+-----
Dodging        | 3 4 |  4.6
Armour         | 1 2 3 |  3.5
Short Blades   | 3 4 |  4.5
Stealth        | 1 2 3 |  3.0
Fighting       | 3 |  3.8
Throwing       | |  1.7

Action                   |  1- 3 |  4- 6 |  7- 9 || total
-------------------------+-------+-------+-------++-------
Melee: Rapier            |    87 |   117 |   140 ||   344
Throw: Throwing net      |       |     1 |     4 ||     5
  Use: Potion            |       |     9 |     2 ||    11
  Eat: Chunk             |     1 |     3 |     7 ||    11
Armor: Leather armour    |     6 |       |       ||     6
       Scale mail        |    54 |    82 |   138 ||   274
Dodge: Dodged            |    82 |   100 |   217 ||   399
